 Dungeon Crawl Stone Soup version 0.30-a0-462-gd5975efbca (webtiles) character file.

Game seed: 3409642039611548738

1959357 freelancePsychic the Wrestler (level 27, 344/386 HPs)
             Began as a Troll Air Elementalist on Dec 15, 2022.
             Was a High Priest of Okawaru.
             Escaped with the Orb
             ... and 3 runes on Dec 16, 2022!
             The game lasted 01:58:37 (54417 turns).

freelancePsychic the Wrestler (TrAE)               Turns: 54417, Time: 01:58:37

Health: 344/386    AC: 33    Str: 28    XL:     27
Magic:  24/30      EV: 28    Int: 19    God:    Okawaru [*****.]
Gold:   5293       SH: 17    Dex: 18    Spells: 20/36 levels left

rFire   + + .      SeeInvis .      - Unarmed
rCold   + + +      Faith    .    E - +2 shield of Resistance {rF++ rC++ Will++}
rNeg    + . .      Spirit   .    (body armour currently unavailable)
rPois   ∞          Reflect  .    n - +2 hat "Xueru" {rPois}
rElec   +          Harm     .    y - +1 cloak of Starlight {*Dazzle EV+4 Stlth--}
rCorr   .          Rampage  .    (gloves unavailable)
Will    ++++.                    (boots unavailable)
Stlth   +.........               l - amulet of regeneration
HPRegen 2.44/turn                H - ring "Atofuoruwn" {Int+4 Slay+4}
MPRegen 0.22/turn                w - ring of Huhiucre {rC+ Dex+6}

@: mighty, statue-form, heroic, finesse-ful, hasted, studying 3 skills
A: slow and powerful, torment resistance 1, boosted hp, large, unfitting armour,
claws 3, regeneration 1, (shaggy fur 1), (tough skin 1), inability to drink
after injury 1
0: Orb of Zot
}: 3/15 runes: decaying, serpentine, silver
a: End Transformation, Renounce Religion, Heroism, Finesse, Duel


You escaped.
You worshipped Okawaru.
Okawaru was extremely pleased with you.
You were a living statue of rough stone.
You visited 11 branches of the dungeon, and saw 50 of its levels.
You also visited: Sewer, Ice Cave, Wizlab and Desolation.

You collected 9467 gold pieces.
You spent 4174 gold pieces at shops.

Inventory:

Missiles
 a - 10 curare-tipped darts
 j - 119 large rocks (quivered)
 u - 4 silver javelins
 v - 4 throwing nets
 G - 18 javelins
 I - 27 boomerangs
 K - 5 silver boomerangs
 Z - 25 atropa-tipped darts
Armour
 m - a +2 robe of the Archmagi (melded)
 n - the +2 hat "Xueru" (worn) {rPois}
   (You acquired it on level 3 of the Snake Pit)

   rPois:     It protects you from poison.
 y - the +1 cloak of Starlight (worn) {*Dazzle EV+4 Stlth--}
   (You bought it in a shop on level 11 of the Dungeon)

   It may blind those who miss an attack against the wearer in melee combat.
   EV:        It affects your evasion (+4).
   Stlth:     It makes you much less stealthy.
 E - the +2 shield of Resistance (worn) {rF++ rC++ Will++}
   (You bought it in a shop on level 1 of the Snake Pit)

   rF:        It greatly protects you from fire.
   rC:        It greatly protects you from cold.
   Will:      It greatly increases your willpower.
 F - the -2 hat of the Alchemist {rElec rPois rF+ rC+ rN+ Will+ rMut rCorr}
   (Okawaru gifted it to you on level 12 of the Dungeon)

   rF:        It protects you from fire.
   rC:        It protects you from cold.
   rElec:     It insulates you from electricity.
   rPois:     It protects you from poison.
   rN:        It protects you from negative energy.
   rCorr:     It protects you from acid and corrosion.
   rMut:      It protects you from mutation.
   Will:      It increases your willpower.
Jewellery
 l - an amulet of regeneration (around neck)
 w - the ring of Huhiucre (right claw) {rC+ Dex+6}
   (You acquired it on level 8 of the Dungeon)

   [ring of protection from cold]

   Dex:       It affects your dexterity (+6).
   rC:        It protects you from cold.
 H - the ring "Atofuoruwn" (left claw) {Int+4 Slay+4}
   (You took it off a deep elf high priest on level 3 of the Elven Halls)

   [ring of slaying]

   Int:       It affects your intelligence (+4).
   Slay:      It affects your accuracy & damage with ranged weapons and melee
   (+4).
 L - a ring of flight
Wands
 c - a wand of digging (5)
 q - a wand of mindburst (24)
 s - a wand of quicksilver (34)
 x - a wand of polymorph (45)
 C - a wand of roots (74)
 D - a wand of flame (64)
 V - a wand of paralysis (34)
Scrolls
 g - 15 scrolls of amnesia
 h - 20 scrolls of teleportation {@r4}
 i - 5 scrolls of fog
 k - 5 scrolls of fear
 A - 5 scrolls of vulnerability
 B - 2 scrolls of immolation
 J - a scroll of magic mapping
 N - 17 scrolls of enchant weapon
 O - 8 scrolls of noise
 P - 5 scrolls of blinking
 Q - 5 scrolls of poison
 Y - a scroll of torment
Potions
 b - 9 potions of magic
 d - 8 potions of attraction
 e - a potion of haste {@q3}
 f - 2 potions of might
 o - 9 potions of lignification
 p - 6 potions of brilliance
 r - 7 potions of resistance
 t - 5 potions of ambrosia
 z - 5 potions of invisibility
 M - a potion of heal wounds {@q2}
 R - 5 potions of berserk rage
 S - 4 potions of cancellation
 T - a potion of flight
 U - 10 potions of degeneration
 W - 19 potions of curing {@q1}
 X - 9 potions of mutation


   Skills:
 + Level 21.6(26.6) Fighting
 - Level 7.4(12.4) Throwing
 - Level 3.2(8.2) Armour
 + Level 18.9(23.9) Dodging
 - Level 1.0(6.0) Stealth
 - Level 13.1(18.1) Shields
 - Level 22.0(27) Unarmed Combat
 - Level 5.0 Spellcasting
 - Level 0.6 Conjurations
 - Level 12.8 Transmutations
 - Level 2.0 Air Magic
 - Level 16.4 Earth Magic
 - Level 11.0 Invocations


You had 20 spell levels left.
You knew the following spells:

 Your Spells              Type           Power      Damage    Failure   Level
a - Shock                 Conj/Air       36%        1d5       10%         1
b - Statue Form           Tmut/Erth      38%        N/A       6%          6
c - Lee's Rapid Deconstr  Erth           30%        3d16*     1%          5
d - Wereblood             Tmut           52%        N/A       1%          2
e - Passwall              Tmut/Erth      47%        N/A       1%          2

Your spell library contained the following spells:

 Spells                   Type           Power      Damage    Failure   Level
 Beastly Appendage        Tmut           100%       N/A       1%          1
 Sandblast                Erth           100%       2d20      1%          1
 Stone Arrow              Conj/Erth      74%        3d11      1%          3
 Petrify                  Tmut/Erth      57%        N/A       1%          4
 Blade Hands              Tmut           26%        N/A       2%          5
 Spider Form              Tmut/Pois      29%        N/A       3%          3
 Leda's Liquefaction      Hex/Erth       17%        N/A       6%          4
 Ice Form                 Ice/Tmut       29%        N/A       12%         4
 Magic Dart               Conj           28%        1d4       13%         1
 Foxfire                  Conj/Fire      20%        2x1d5     16%         1
 Kiss of Death            Conj/Necr      20%        2d7       16%         1
 Static Discharge         Conj/Air       18%        2-3/arc   16%         2
 Borgnjor's Vile Clutch   Necr/Erth      17%        N/A       16%         5
 Apportation              Tloc           8%         N/A       17%         1
 Freeze                   Ice            16%        1d4       17%         1
 Slow                     Hex            16%        N/A       17%         1
 Poisonous Vapours        Pois/Air       16%        N/A       17%         2
 Cigotuvi's Dreadful Rot  Necr/Pois/Air  14%        N/A       21%         2
 Momentum Strike          Conj/Tloc      10%        3d8       22%         2
 Swiftness                Air            12%        N/A       22%         3
 Blink                    Tloc           8%         N/A       26%         2
 Ensorcelled Hibernation  Hex/Ice        8%         N/A       26%         2
 Scorch                   Fire           8%         2d5       26%         2
 Sublimation of Blood     Necr           4%         N/A       26%         2
 Vhi's Electric Charge    Tloc/Air       16%        N/A       32%         3
 Mephitic Cloud           Conj/Pois/Air  8%         N/A       34%         3
 Alistair's Intoxication  Tmut/Pois      19%        N/A       34%         5
 Yara's Violent Unravell  Hex/Tmut       14%        3d7       34%         5
 Kindle Blastsparks       Fire/Tloc/Air  14%        2d11      36%         3
 Dazzling Flash           Conj/Hex       10%        N/A       41%         3
 Hailstorm                Conj/Ice       5%         3d4       41%         3
 Confusing Touch          Hex            4%         N/A       45%         3
 Frozen Ramparts          Ice            8%         1d2       45%         3
 Gell's Gravitas          Tloc           4%         N/A       45%         3
 Inner Flame              Hex/Fire       4%         N/A       45%         3
 Lesser Beckoning         Tloc           8%         N/A       45%         3
 Ozocubu's Armour         Ice            4%         N/A       45%         3
 Teleport Other           Tloc           4%         N/A       45%         3
 Vampiric Draining        Necr           4%         2d6       45%         3
 Airstrike                Air            6%         2d(1-17)  58%         4
 Dragon Form              Tmut           26%        N/A       58%         7
 Iron Shot                Conj/Erth      18%        9d4       61%         6
 Flame Wave               Conj/Fire      5%         2d5       83%         4
 Fulminant Prism          Conj/Hex       2%         3d5       83%         4
 Iskenderun's Mystic Bla  Conj/Tloc      5%         2d3       83%         4
 Anguish                  Hex/Necr       2%         N/A       86%         4
 Cause Fear               Hex            2%         N/A       86%         4
 Dispel Undead            Necr           4%         3d7       86%         4
 Manifold Assault         Tloc           4%         N/A       86%         4
 Passage of Golubria      Tloc           4%         N/A       86%         4
 Eringya's Noxious Bog    Tmut/Pois      14%        N/A       88%         6
 Arcjolt                  Conj/Air       4%         1d14      95%         5
 Lightning Bolt           Conj/Air       4%         1d16      95%         5
 Freezing Cloud           Conj/Ice/Air   4%         6-21      97%         5
 Silence                  Hex/Air        4%         N/A       97%         5
 Fireball                 Conj/Fire      2%         3d4       99%         5
 Metabolic Englaciation   Hex/Ice        2%         N/A       99%         5
 Starburst                Conj/Fire      2%         6d3       100%        6
 Enfeeble                 Hex            2%         N/A       100%        7
 Orb of Destruction       Conj           3%         9d5       100%        7
 Storm Form               Tmut/Air       16%        N/A       100%        7
 Borgnjor's Revivificati  Necr           2%         N/A       100%        8
 Lehudib's Crystal Spear  Conj/Erth      18%        10d6      100%        8
 Maxwell's Capacitive Co  Air            6%         ∞         100%        8
 Necromutation            Tmut/Necr      14%        N/A       100%        8
 Death's Door             Necr           2%         N/A       100%        9
 Polar Vortex             Ice            2%         N/A       100%        9
 Animate Armour           Summ/Erth      Unusable   N/A       N/A         4
 Call Imp                 Summ           Unusable   N/A       N/A         2
 Summon Guardian Golem    Hex/Summ       Unusable   N/A       N/A         3
 Tukima's Dance           Hex            Unusable   N/A       N/A         3
 Summon Lightning Spire   Summ/Air       Unusable   N/A       N/A         4
 Summon Ice Beast         Ice/Summ       Unusable   N/A       N/A         4
 Summon Mana Viper        Hex/Summ       Unusable   N/A       N/A         5
 Simulacrum               Ice/Necr       Unusable   N/A       N/A         6
 Summon Cactus Giant      Summ           Unusable   N/A       N/A         6
 Spellforged Servitor     Conj/Summ      Unusable   N/A       N/A         7
 Summon Hydra             Summ           Unusable   N/A       N/A         7
 Dragon's Call            Summ           Unusable   N/A       N/A         9

Dungeon Overview and Level Annotations

Branches:
Dungeon (15/15)            Temple (1/1) D:7            Lair (5/5) D:8
  Swamp (4/4) Lair:3        Snake (4/4) Lair:3        Slime (0/5) Lair:4
    Orc (2/2) D:12            Elf (3/3) Orc:2        Vaults (5/5) D:13
  Crypt (2/3) Vaults:3     Depths (4/4) D:15            Zot (5/5) Depths:4
  Sewer (visited)           IceCv (visited)          WizLab (visited)
Desolation (visited)

Altars:
Cheibriados
Dithmenos
Elyvilon
Fedhas
Kikubaaqudgha
Okawaru
Sif Muna
Trog
Uskayaw
Xom
Yredelemnul
The Shining One
Jiyva

Shops:
D:9 *   D:11 (=[*[   D:15 (   Orc:2 [((!?   Elf:3 =(!   Snake:1 [?:[
Snake:2 =:=   Snake:4 *   Vaults:3 *   Vaults:4 *??[

Portals:
Hell: Depths:1 Depths:2 Depths:3 Depths:4
Abyss: Depths:2 Depths:4
Pandemonium: Depths:2
Ziggurat: Depths:4

Annotations:
Swamp:2 Roxanne
Snake:2 2 transporters, SprigganGuy's ghost, adept SpHu
Elf:2 5 runed translucent doors, p00ps00p's ghost, adept HOFi
Crypt:2 2 transporters, Hegoitz's ghost, veteran MiGl; Luix's ghost, veteran MiGl
Depths:1 6 runed translucent doors


Innate Abilities, Weirdness & Mutations

You are a living statue of rough stone.
Your actions are slow, but your melee attacks are powerful.
You are resistant to unholy torment.
Your maximum health is greatly increased.
You are immune to poison.
Your equipment is partially melded.
You are too large for most types of armour.
You have claws for hands.
Your natural rate of healing is unusually fast.
((You are covered in fur. (AC +1)))
((You have tough skin. (AC +1)))
You occasionally lose the ability to drink potions when taking damage.


Message History

Confirm with . or Enter, or press ? or * to list all spells.
You feel a surge of power!
You turn into a living statue of rough stone.
Your +2 robe of the Archmagi melds into your body.
You feel strangely numb.
A lich comes into view.
You eviscerate Conuekk!!!
Conuekk is moderately wounded.
You eviscerate Conuekk!!!!
Conuekk is severely wounded.
The lich gestures wildly while chanting.
The lich seems to speed up.
You mangle Conuekk!!
Conuekk is almost dead.
Conuekk gestures.
Lightning arcs from Conuekk's claws!
The bolt of lightning hits you!!! You resist.
A bolt of lightning appears from out of thin air!
The bolt of lightning hits Conuekk.
Conuekk resists.
Conuekk dies!
The bolt of lightning hits the lich!!
The lich conjures a glowing orb.
The wavering orb of destruction weakly hits you!
The lich gestures at you while chanting.
The bolt of cold hits you. You resist.
You eviscerate the lich!!!!
You destroy the lich!
Okawaru accepts your kill.
No target in view!
No target in view!
No target in view!
(D) Dungeon (T) Temple (L) Lair (S) Swamp (P) Snake Pit (M) Slime Pits (O) Orcish Mines (E) Elven Halls (V) Vaults (C) Crypt (U) Depths (H) Hell (Z) Zot
Where to? (Enter - D:1 @ (x,y), ? - help)
There is a dry fountain, spattered with blood here.
There is a staircase leading out of the dungeon here.
Unknown command.
You have escaped!

.....##.######...##........##.###
##.#........#.#..##...##....#.###
#.####.#####.##......##.........
#.####.# #.###########....#.##.
#......# ##.######.......##.#..
######## ##⌠)..⌠#.###.####....
#..>..#.##...#######
#.....#.##......#
#..8..#.##...##.#
#⌠...⌠#.#######.### #########
#.....# ##...## #...>.# ##.....##
#.....# #.......# #.....#
##.....## #.....#
##....########## ##.#.##...#


There were no monsters in sight!

Vanquished Creatures
  A dread lich (Depths:3)
  2 ancient liches
  2 orbs of fire (Zot:5)
  Mara (Vaults:4)
  A juggernaut (Depths:3)
  the Lernaean hydra (Swamp:4)
  Parghit (Depths:4)
  5 Killer Klowns
  6 curse toes
  17 golden dragons
  Saint Roka (Arena)
  2 pandemonium lords
  Jory (Depths:3)
  Nikola (Arena)
  2 electric golems (Zot:5)
  A Tzitzimitl (D:2)
  Jorgrun (Orc:2)
  17 tentacled monstrosities
  An Ice Fiend (D:7)
  26 Orb Guardians
  Zenata (Vaults:1)
  A walking earthen tome (Depths:2)
  7 liches
  Mlioglotl (Swamp:1)
  A titan (Vaults:5)
  8 quicksilver dragons
  2 deep elf master archers (Elf:3)
  2 walking frostbound tomes (Depths:1)
  2 deep elf blademasters (Elf:3)
  5 sphinxes
  2 Executioners
  A thorn hunter (Swamp:3)
  5 death cobs
  14 draconian monks
  10 shadow dragons
  11 storm dragons
  7 tengu reavers
  13 draconian knights
  2 iron dragons
  6 nagarajas (Snake:4)
  2 draconian scorchers
  10 fire giants
  7 frost giants
  2 imperial myrmidons (Desolation)
  21 vault wardens
  7 deep elf sorcerers
  An emperor scorpion (shapeshifter) (Vaults:5)
  A ghost moth (Zot:1)
  Aizul (Snake:1)
  5 deep elf elementalists (Elf:3)
  Louise (Swamp:3)
  A reaper (Depths:2)
  7 draconian annihilators
  3 draconian stormcallers
  16 ironbound preservers
  3 spectral caustic shrikes (Depths:3)
  3 draconian shifters
  38 very ugly things
  A demonspawn corrupter (D:4)
  7 ironbound thunderhulks
  13 stone giants
  5 ghouls
  3 war gargoyles
  11 green draconians
  10 vampire knights
  A lorocyproca (D:4)
  4 bunyips
  12 yellow draconians
  A spectral titan (Depths:3)
  12 black draconians
  2 halazid warlocks (Desolation)
  18 red draconians
  6 deep elf annihilators (Elf:3)
  7 eleionomae
  5 deep elf demonologists
  Azrael (D:12)
  14 white draconians
  10 spark wasps
  A demonspawn black sun (D:4)
  10 dire elephants
  16 purple draconians
  13 ettins
  An acid blob zombie (Crypt:1)
  3 blizzard demons
  14 deep elf death magi
  11 eidola
  2 spectral quicksilver dragons (Depths:3)
  A green death (D:4)
  3 mummy priests (WizLab)
  2 ragged hierophants (Desolation)
  9 yaktaur captains
  A crystal guardian (Desolation)
  9 great orbs of eyes
  A shambling mangrove (Swamp:3)
  2 jiangshi
  2 spectral golden dragons (Depths:3)
  An entropy weaver (Vaults:1)
  9 fire dragons
  2 hell beasts (Depths:2)
  7 deep elf high priests
  Harold (D:10)
  A great orb of eyes (shapeshifter) (Vaults:5)
  12 ice dragons
  3 spectral spriggans (Depths:3)
  7 peacekeepers
  2 spectral shadow dragons (Depths:3)
  8 rakshasas
  A ghost crab (Swamp:3)
  4 caustic shrike simulacra
  31 hydras
  2 spectral sphinxes (Depths:3)
  2 spectral tengu (Depths:3)
  30 vault guards
  5 spriggan air magi
  2 juggernaut simulacra (Depths:3)
  4 servants of whispers (Desolation)
  4 ogre magi (Vaults:5)
  A catoblepas (Lair:5)
  14 two-headed ogres
  11 ironbound frosthearts
  10 anacondas
  5 centaur warriors
  9 dancing weapons
  3 alligators
  10 vampire magi
  2 spectral fire giants (Depths:3)
  A boulder beetle (Lair:4)
  3 death yaks (Lair:5)
  15 naga warriors
  A two-headed ogre (shapeshifter) (Depths:2)
  5 deep troll shamans
  3 tengu warriors
  3 hell hogs (Depths:1)
  A titan zombie (Vaults:2)
  7 deep troll earth magi
  A shock serpent (shapeshifter) (Depths:4)
  Sonja (Lair:5)
  19 naga sharpshooters
  5 spriggan berserkers
  A death yak (shapeshifter) (Vaults:5)
  4 orc high priests (Orc:2)
  2 soul eaters
  6 shock serpents
  A storm dragon zombie (WizLab)
  Nergalle (D:10)
  7 iron trolls
  Urug (D:13)
  18 hell knights
  A shadow wraith (Crypt:2)
  7 deep elf knights
  A fire crab (Lair:3)
  5 skeletal warriors (D:14)
  3 goliath frogs
  9 salamander mystics
  An iron giant zombie (Crypt:1)
  A goliath frog (shapeshifter) (Vaults:5)
  A spark wasp zombie (WizLab)
  An anaconda zombie (Crypt:1)
  5 sea snakes (Snake:4)
  11 naga ritualists
  A quicksilver dragon simulacrum (Depths:2)
  36 deep trolls
  12 swamp dragons
  A spectral iron dragon (Depths:3)
  7 death drakes
  2 shadow demons (Depths:1)
  3 wizards
  A golden dragon zombie (WizLab)
  3 spriggan druids
  Pikel (D:6)
  2 flayed ghosts
  5 lindwurms
  2 orange crystal statues (Depths:3)
  A spriggan simulacrum (Depths:3)
  22 ironbound convokers
  15 bog bodies
  13 deep elf archers
  2 glowing orange brains
  8 necromancers
  17 deep elf zephyrmancers
  9 harpies
  9 orc knights
  A shadow dragon zombie (Vaults:4)
  2 tengu skeletons (Vaults:2)
  An anaconda skeleton (Crypt:1)
  8 mana vipers
  10 phantasmal warriors
  3 fire giant zombies
  40 ugly things
  28 deep elf pyromancers
  2 oklob plants
  2 stone giant zombies
  A frost giant zombie (WizLab)
  5 orc sorcerers
  A cyclops (shapeshifter) (Depths:4)
  2 salamanders (shapeshifter)
  23 salamanders
  10 will-o-the-wisps
  17 moths of wrath
  9 cyclopes
  8 manticores
  3 ice statues (IceCv)
  A fire giant skeleton (Vaults:2)
  A demonspawn zombie (WizLab)
  A water nymph (shapeshifter) (Depths:3)
  33 elephants
  A dire elephant zombie (Crypt:2)
  20 naga magi
  11 guardian serpents
  23 vault sentinels
  13 cane toads
  A smoke demon (D:7)
  A titan simulacrum (Depths:3)
  A rust devil (D:6)
  Maggie (D:9)
  A hellion (Zot:5)
  37 black mambas
  5 torpor snails
  An orange demon (Depths:1)
  A gargoyle (D:13)
  8 apocalypse crabs (Zot:3)
  A purple draconian zombie (Crypt:1)
  10 rime drakes
  5 komodo dragons
  A yaktaur zombie (WizLab)
  A naga skeleton (Crypt:1)
  6 freezing wraiths
  3 unseen horrors
  4 efreet
  3 guardian mummies (WizLab)
  An ice devil (D:2)
  2 tengu conjurers
  An anaconda simulacrum (IceCv)
  41 yaktaurs
  A golden dragon simulacrum (Depths:3)
  A red devil (Depths:1)
  A tormentor (D:4)
  A spriggan skeleton (Depths:1)
  8 trolls
  11 polar bears
  A hellwing (D:6)
  5 spectral glowing shapeshifters (Depths:3)
  11 hornets
  A meliai (D:12)
  41 slime creatures
  34 saltlings (Desolation)
  3 shadow dragon simulacra (Depths:3)
  A tarantella zombie (Crypt:2)
  11 tyrant leeches
  A raiju (shapeshifter) (Vaults:3)
  14 blink frogs
  2 raiju (Lair:5)
  A deep troll zombie (WizLab)
  A sphinx simulacrum (Depths:3)
  An iron dragon simulacrum (Depths:3)
  4 large abominations
  Grinder (D:6)
  7 dream sheep (Lair:5)
  2 spriggan zombies (WizLab)
  10 spriggans
  2 fire giant simulacra
  9 flying skulls (Crypt:1)
  2 air elementals (Elf:1)
  An ettin skeleton (Crypt:2)
  A wind drake zombie (Crypt:1)
  A dire elephant simulacrum (IceCv)
  3 water elementals
  31 yaks
  A hog (shapeshifter) (Elf:1)
  4 wraiths
  A wyvern (shapeshifter) (D:12)
  4 basilisks
  3 vampires
  2 yaks (shapeshifter)
  15 wyverns
  7 fire elementals
  3 redbacks (Vaults:1)
  3 steam dragons
  A death yak simulacrum (IceCv)
  2 glowing shapeshifter zombies
  14 vampire mosquitoes
  13 wargs
  20 hell hounds
  A swamp worm (shapeshifter) (D:13)
  18 swamp worms
  22 water moccasins
  36 nagas
  Duvessa (D:5)
  A harpy simulacrum (IceCv)
  2 acid dragons
  A hydra simulacrum (IceCv)
  2 floating eyes
  A meliai simulacrum (D:14)
  7 swamp drakes
  An ogre skeleton (Vaults:4)
  38 orc warriors
  2 ice beasts (D:7)
  2 sky beasts (D:8)
  12 black bears
  6 ogres
  3 centaurs
  A dream sheep zombie (Crypt:1)
  7 boggarts
  25 wolves
  A manticore skeleton (Crypt:1)
  2 lemures (D:6)
  7 kobold brigands
  11 bullfrogs
  A fire crab zombie (Crypt:1)
  5 necrophages
  5 earth elementals
  An elf skeleton (Crypt:2)
  4 glowing shapeshifter simulacra (Depths:3)
  3 scorpions (D:5)
  A warg zombie (Crypt:1)
  4 wights (D:8)
  A shapeshifter zombie (Crypt:2)
  Dowan (D:5)
  13 killer bees
  An electric eel (Lair:4)
  4 howler monkeys
  3 hounds
  15 orc priests
  9 jellies
  A hound (shapeshifter) (Vaults:5)
  A gnoll bouda (Orc:1)
  An iguana (D:6)
  26 orc wizards
  18 hell rats
  3 polar bear simulacra (IceCv)
  An ogre zombie (Crypt:2)
  3 gnolls (Orc:1)
  11 adders
  5 river rats
  A shadow imp (D:7)
  A white imp (D:5)
  5 worms
  3 dart slugs
  85 orcs
  10 ball pythons
  14 endoplasms
  7 giant cockroaches
  7 goblins
  4 hobgoblins
  11 jackals
  10 kobolds
  7 quokkas
  3 bats (D:2)
  2 frilled lizards
  A hobgoblin zombie (Crypt:2)
  11 rats
2358 creatures vanquished.

Vanquished Creatures (collateral kills)
  An ogre (D:5)
  2 orcs (D:5)
3 creatures vanquished.

Vanquished Creatures (others)
  A pandemonium lord (D:1)
  A caustic shrike (Depths:1)
  A very ugly thing (Depths:3)
  A purple draconian (Zot:3)
  A red draconian (Depths:4)
  A deep elf death mage (Vaults:5)
  A deep elf knight (Elf:3)
  2 deep elf zephyrmancers
  A phantasmal warrior (Vaults:5)
  A deep elf pyromancer (Elf:2)
  A salamander (shapeshifter) (Elf:3)
  2 yaktaurs
  A saltling (Desolation)
  An air elemental (Elf:3)
  A water elemental (Elf:1)
  A harpy simulacrum (D:15)
  A swamp drake (Swamp:4)
  An orc warrior (Orc:2)
  An orc priest (Orc:2)
  An orc wizard (Vaults:5)
  An adder (Lair:3)
  An orc (Vaults:5)
  36 foxfires
  29 fungi
  100 plants
189 creatures vanquished.

Grand Total: 2550 creatures vanquished

Notes
Turn   | Place    | Note
-------+----------+-------------------------------------------
     0 | D:1      | freelancePsychic the Troll Air Elementalist began the quest
                  | for the Orb.
     0 | D:1      | Reached XP level 1. HP: 16/16 MP: 1/1
   247 | D:1      | Reached skill level 1 in Unarmed Combat
   323 | D:1      | Reached XP level 2. HP: 26/26 MP: 0/2
   749 | D:2      | Reached skill level 2 in Unarmed Combat
   750 | D:2      | Reached skill level 1 in Fighting
   769 | D:2      | Reached XP level 3. HP: 33/33 MP: 3/3
  1287 | D:2      | Got the Anthology of Lofty Exhumation
  2143 | D:3      | Identified the +2 robe of the Special Seas {Str+2}
  2191 | D:3      | Reached skill level 3 in Unarmed Combat
  2191 | D:3      | Reached XP level 4. HP: 38/41 MP: 4/4
  2478 | D:4      | Noticed a necrophage
  2645 | D:4      | Noticed a necrophage
  2655 | D:4      | Killed a necrophage
  2656 | D:4      | Reached skill level 4 in Unarmed Combat
  2656 | D:4      | Reached XP level 5. HP: 46/49 MP: 5/5
  2894 | D:4      | Noticed an ogre
  2901 | D:4      | Killed an ogre
  2902 | D:4      | Reached XP level 6. HP: 53/59 MP: 6/6
  2903 | D:4      | Reached skill level 5 in Unarmed Combat
  3237 | D:5      | Entered Level 5 of the Dungeon
  3271 | D:5      | Identified a scroll of acquirement
  3283 | D:5      | Reached XP level 7. HP: 67/67 MP: 7/7
  3291 | D:5      | Reached skill level 6 in Unarmed Combat
  3356 | D:5      | Identified the +0 robe "Soqa" {Stlth+}
  3374 | D:5      | Found the +7 Throatcutter {drain, coup de grace}
  3398 | D:5      | Reached skill level 7 in Unarmed Combat
  3766 | D:5      | Noticed Dowan
  3767 | D:5      | Noticed Duvessa
  3792 | D:5      | Killed Duvessa
  3793 | D:5      | Reached XP level 8. HP: 54/78 MP: 5/8
  3805 | D:5      | Killed Dowan
  3880 | D:5      | Reached skill level 8 in Unarmed Combat
  3984 | D:5      | Reached skill level 5 in Fighting
  4195 | D:6      | Reached skill level 1 in Throwing
  4195 | D:6      | Reached skill level 9 in Unarmed Combat
  4284 | D:6      | Found a glowing drain.
  4292 | Sewer    | Entered a sewer
  4713 | Sewer    | Reached XP level 9. HP: 88/88 MP: 9/9
  4978 | D:6      | Noticed Grinder
  4984 | D:6      | Killed Grinder
  4985 | D:6      | Reached skill level 10 in Unarmed Combat
  5309 | D:6      | Noticed Pikel
  5329 | D:6      | Killed Pikel
  5624 | D:7      | Found a staircase to the Ecumenical Temple.
  5650 | D:7      | Paralysed by a hornet for 1 turns
  5664 | Temple   | Entered the Ecumenical Temple
  5772 | Temple   | Became a worshipper of Warmaster Okawaru
  6067 | D:7      | Found a glowing golden altar of the Shining One.
  6229 | D:7      | Reached skill level 11 in Unarmed Combat
  6584 | D:8      | Reached XP level 10. HP: 88/100 MP: 10/10
  6585 | D:8      | Reached * piety under Okawaru
  6598 | D:8      | Reached skill level 1 in Invocations
  6738 | D:8      | Acquired a +1 hat of stealth
  6746 | D:8      | Acquired the ring of Huhiucre {rC+ Dex+6}
  6810 | D:8      | Found a staircase to the Lair.
  7218 | D:8      | Got Evirer's Lectures on Hexes
  7366 | D:8      | Reached skill level 5 in Throwing
  7470 | D:9      | Reached ** piety under Okawaru
  7557 | D:9      | Found a viscous altar of Jiyva.
  7599 | D:9      | Noticed a two-headed ogre
  7609 | D:9      | Killed a two-headed ogre
  7647 | D:9      | Found a white marble altar of Elyvilon.
  7688 | D:9      | Noticed a two-headed ogre
  7699 | D:9      | Killed a two-headed ogre
  7699 | D:9      | Reached *** piety under Okawaru
  7750 | D:9      | Found Pagoinn's Lightly-Used Armoury.
  7952 | D:9      | Noticed Maggie
  7960 | D:9      | Killed Maggie
  7961 | D:9      | Reached XP level 11. HP: 107/109 MP: 11/13
  8269 | D:10     | Entered Level 10 of the Dungeon
  8269 | D:10     | Noticed a two-headed ogre
  8275 | D:9      | Killed a two-headed ogre
  8275 | D:9      | Reached **** piety under Okawaru
  8276 | D:9      | Reached skill level 1 in Earth Magic
  8301 | D:9      | Reached skill level 1 in Transmutations
  8589 | D:10     | Noticed Harold
  8607 | D:10     | Killed Harold
  8607 | D:10     | Received a gift from Okawaru
  8678 | D:10     | Noticed Nergalle
  8680 | D:10     | Killed Nergalle
  8707 | D:10     | Found a shimmering blue altar of Sif Muna.
  8708 | D:10     | Found a blossoming altar of Fedhas.
  8857 | D:10     | Reached ***** piety under Okawaru
  9013 | D:11     | Found Heidean's Antique Armour Emporium.
  9013 | D:11     | Found Voepent's Jewellery Shoppe.
  9035 | D:11     | Bought the +1 cloak of Starlight {*Dazzle EV+4 Stlth--} for
                  | 762 gold pieces
  9035 | D:11     | Found the +1 cloak of Starlight {*Dazzle EV+4 Stlth--}
  9103 | D:11     | Found Licoewk's Weapon Shop.
  9404 | D:11     | Found Nuolall's Assorted Antiques.
  9654 | D:11     | Noticed a purple ugly thing
  9662 | D:11     | Killed a purple ugly thing
  9662 | D:11     | Received a gift from Okawaru
  9692 | D:11     | Reached skill level 5 in Earth Magic
  9716 | D:11     | Found Matsosuh's Armour Emporium.
 10044 | D:11     | Learned a level 6 spell: Statue Form
 10049 | D:12     | Found a staircase to the Orcish Mines.
 10070 | D:12     | Noticed a centaur warrior
 10080 | D:12     | Killed a centaur warrior
 10243 | D:12     | Received a gift from Okawaru
 10253 | D:12     | Reached XP level 12. HP: 99/122 MP: 14/14
 10401 | D:12     | Noticed a two-headed ogre
 10410 | D:12     | Killed a two-headed ogre
 10410 | D:12     | Received a gift from Okawaru
 10634 | D:12     | Noticed a centaur warrior
 10719 | Lair:1   | Entered Level 1 of the Lair of Beasts
 10743 | D:8      | Identified the +0 robe of Polish {Int+9 Stlth-} (Okawaru
                  | gifted it to you on level 8 of the Dungeon)
 10743 | D:8      | Received a gift from Okawaru
 11796 | Lair:2   | Reached skill level 5 in Transmutations
 11934 | Lair:2   | Reached ****** piety under Okawaru
 12076 | Lair:2   | Found a snail-covered altar of Cheibriados.
 12111 | Lair:2   | Identified the +7 lajatang of Fragile Peace {pain, Stlth+}
                  | (Okawaru gifted it to you on level 2 of the Lair of Beasts)
 12111 | Lair:2   | Received a gift from Okawaru
 12139 | Lair:2   | Reached XP level 13. HP: 132/132 MP: 15/15
 12365 | Lair:3   | Reached skill level 10 in Fighting
 12365 | Lair:3   | Reached skill level 10 in Earth Magic
 12667 | Lair:3   | Found a staircase to the Swamp.
 12907 | Lair:3   | Identified the +9 dire flail "Afuattul" {vorpal, *Rage
                  | rElec rPois rF++} (Okawaru gifted it to you on level 3 of
                  | the Lair of Beasts)
 12907 | Lair:3   | Received a gift from Okawaru
 12918 | Lair:3   | Found a staircase to the Snake Pit.
 13412 | Lair:3   | HP: 2/133 [blink frog (11)]
 13666 | Lair:4   | Found a staircase to the Slime Pits.
 13916 | Lair:4   | Reached XP level 14. HP: 144/144 MP: 16/16
 14468 | Lair:5   | Entered Level 5 of the Lair of Beasts
 14491 | Lair:5   | Received a gift from Okawaru
 14959 | Lair:5   | Reached XP level 15. HP: 128/150 MP: 17/17
 15182 | Lair:5   | Identified the +4 robe of Ucweit {rPois Str+7 Dex-4}
                  | (Okawaru gifted it to you on level 5 of the Lair of Beasts)
 15182 | Lair:5   | Received a gift from Okawaru
 15530 | Lair:5   | Identified the +1 leather armour "Feblyuj" {Harm}
 15963 | Lair:5   | Noticed Sonja
 16079 | Lair:5   | Killed Sonja
 16430 | Lair:5   | Reached skill level 5 in Spellcasting
 16814 | D:12     | Received a gift from Okawaru
 16814 | D:12     | Found the -2 hat of the Alchemist {rElec rPois rF+ rC+ rN+
                  | Will+ rMut rCorr}
 16896 | D:12     | Identified the +7 sling "Kip Mirch" {speed, rElec rPois rC+
                  | Will-}
 16925 | D:12     | Found a basalt altar of Yredelemnul.
 17015 | D:12     | Identified the +1 ring mail "Mygi" {*Slow +Inv rElec Str-4}
 17366 | D:13     | Noticed Azrael
 17381 | D:13     | Noticed Urug
 17396 | D:12     | Killed Azrael
 18166 | D:13     | Killed Urug
 18349 | D:13     | Reached XP level 16. HP: 128/161 MP: 22/22
 18381 | D:13     | Found a gate to the Vaults.
 18628 | D:14     | Reached skill level 12 in Unarmed Combat
 19032 | D:14     | Found a glowing golden altar of the Shining One.
 19036 | D:14     | Received a gift from Okawaru
 19175 | D:14     | Reached skill level 5 in Invocations
 19262 | D:15     | Entered Level 15 of the Dungeon
 19343 | D:15     | Found Hiemarucw's Weapon Emporium.
 19481 | D:15     | Received a gift from Okawaru
 19667 | D:15     | Found a staircase to the Depths.
 19759 | Orc:1    | Entered Level 1 of the Orcish Mines
 19805 | Orc:1    | Found a frozen archway.
 19816 | IceCv    | Entered an ice cave
 20198 | Orc:1    | You fall into a shaft and drop 1 floor!
 20198 | Orc:2    | Entered Level 2 of the Orcish Mines
 20198 | Orc:2    | Noticed Jorgrun
 20212 | Orc:2    | Killed Jorgrun
 20373 | Orc:2    | Found Imug's Magic Scroll Emporium.
 20411 | Orc:2    | Bought a scroll of teleportation for 48 gold pieces
 20542 | Orc:2    | Found Kyxkul's Distillery.
 20579 | Orc:2    | Received a gift from Okawaru
 20580 | Orc:2    | Reached skill level 13 in Unarmed Combat
 20742 | Orc:2    | Found a staircase to the Elven Halls.
 21003 | Orc:2    | Found Rarom's Weapon Emporium.
 21007 | Orc:2    | Bought a potion of heal wounds for 85 gold pieces
 21010 | Orc:2    | Found Pezxyablag's Antique Armour Emporium.
 21012 | Orc:2    | Found Jexiv's Weapon Boutique.
 21076 | Orc:2    | Bought a scroll of magic mapping for 120 gold pieces
 21232 | Snake:1  | Entered Level 1 of the Snake Pit
 21345 | Lair:3   | Received a gift from Okawaru
 21409 | Snake:1  | Noticed Aizul
 21425 | Snake:1  | Killed Aizul
 21578 | Snake:1  | Found Ymewont's Armour Emporium.
 21580 | Snake:1  | Found Roblas Miti's Book Shoppe.
 21580 | Snake:1  | Found Deew's Magic Scroll Emporium.
 21605 | Snake:1  | Found Zeahamni's Armour Shoppe.
 21611 | Snake:1  | Bought the +2 shield of Resistance {rF++ rC++ Will++} for
                  | 705 gold pieces
 21611 | Snake:1  | Found the +2 shield of Resistance {rF++ rC++ Will++}
 21745 | Snake:1  | Reached skill level 1 in Shields
 21948 | Snake:1  | Reached XP level 17. HP: 172/172 MP: 16/23
 22265 | Snake:2  | Found Fehanok's Jewellery Boutique.
 22265 | Snake:2  | Found Efu Umut's Book Emporium.
 22266 | Snake:2  | Found Neappe's Jewellery Boutique.
 22466 | Snake:2  | Reached skill level 10 in Transmutations
 22471 | Snake:2  | Received a gift from Okawaru
 22871 | Snake:2  | Found a transporter.
 22875 | Snake:2  | Noticed SprigganGuy's ghost (adept SpHu)
 22918 | Snake:2  | Found a transporter.
 22944 | Snake:2  | Noticed Saint Roka
 22950 | Arena    | Entered the Arena
 22959 | Arena    | Killed Saint Roka
 23743 | Snake:3  | Reached skill level 5 in Shields
 23970 | Snake:3  | Acquired the +2 hat "Xueru" {rPois}
 24339 | Snake:4  | Entered Level 4 of the Snake Pit
 24424 | Snake:4  | Received a gift from Okawaru
 24769 | Snake:4  | Received a gift from Okawaru
 24848 | Snake:4  | Received a gift from Okawaru
 25192 | Snake:4  | Reached XP level 18. HP: 182/182 MP: 19/24
 25630 | Snake:4  | Received a gift from Okawaru
 25666 | Snake:4  | Found Kuet Sug's CLEARANCE SALE!.
 25674 | Snake:4  | Bought a potion of haste for 80 gold pieces
 26100 | Snake:4  | Got a serpentine rune of Zot
 26377 | Swamp:1  | Entered Level 1 of the Swamp
 26710 | Swamp:1  | Noticed Mlioglotl
 26718 | Swamp:1  | Killed Mlioglotl
 26719 | Swamp:1  | Reached skill level 10 in Shields
 27066 | Swamp:2  | Reached skill level 15 in Earth Magic
 27282 | Swamp:2  | Noticed Roxanne
 28076 | Swamp:3  | Received a gift from Okawaru
 28413 | Swamp:3  | Noticed Nikola
 28420 | Arena    | Entered the Arena
 28427 | Arena    | Killed Nikola
 28619 | Swamp:3  | Noticed Louise
 28633 | Swamp:3  | Killed Louise
 28808 | Swamp:4  | Entered Level 4 of the Swamp
 28968 | Swamp:4  | Received a gift from Okawaru
 29056 | Swamp:4  | Reached XP level 19. HP: 189/189 MP: 25/25
 29076 | Swamp:4  | Reached skill level 5 in Dodging
 29082 | Swamp:4  | Received a gift from Okawaru
 29189 | Swamp:4  | Identified the +3 falchion of Fedhas's Regard {freeze,
                  | Contam rPois rN+ rCorr}
 29423 | Swamp:4  | Identified the -1 pair of boots of Elyvilon's Grace {Str+7}
 29426 | Swamp:4  | Identified the +2 pair of boots "Opikk" {Harm rC+ rN+
                  | Will+}
 29483 | Swamp:4  | Received a gift from Okawaru
 29602 | Swamp:4  | Noticed the 27-headed Lernaean hydra
 29612 | Swamp:4  | Killed the 26-headed Lernaean hydra
 29618 | Swamp:4  | Got a decaying rune of Zot
 30005 | Elf:1    | Entered Level 1 of the Elven Halls
 30052 | Elf:1    | Paralysed by an air elemental for 1 turns
 30055 | Elf:1    | Paralysed by an air elemental for 1 turns
 30327 | Elf:1    | Paralysed by an air elemental for 1 turns
 30877 | Elf:2    | Found a large runed translucent door.
 30877 | Elf:2    | Found a large runed translucent door.
 30879 | Elf:2    | Noticed p00ps00p's ghost (adept HOFi)
 31200 | Elf:2    | Identified the +6 flail "Aguxt" {venom, Will+++ Str-5 Int-4
                  | Dex+8} (Okawaru gifted it to you on level 2 of the Elven
                  | Halls)
 31200 | Elf:2    | Received a gift from Okawaru
 31527 | Elf:2    | Found a runed translucent gate.
 31527 | Elf:2    | Found a runed translucent gate.
 31528 | Elf:2    | Found a runed translucent gate.
 31594 | Elf:3    | Entered Level 3 of the Elven Halls
 31820 | Elf:3    | Paralysed by an air elemental for 1 turns
 31902 | Elf:3    | Identified the +9 halberd of Wondrous Power {flame, +Blink
                  | rF- Dex+7}
 31923 | Elf:3    | Received a gift from Okawaru
 31944 | Elf:3    | Identified the ring "Bubbiyf" {rElec Will+}
 31981 | Elf:3    | Reached skill level 14 in Unarmed Combat
 31989 | Elf:3    | Identified the ring "Atofuoruwn" {Int+4 Slay+4}
 31991 | Elf:3    | Received a gift from Okawaru
 32030 | Elf:3    | Acquired a book of the Earth
 32038 | Elf:3    | Learned a level 5 spell: Lee's Rapid Deconstruction
 32116 | Elf:3    | Identified the +5 war axe of the Vendetta {vorpal, Fly
                  | rElec rC++ Int+2 Stlth-}
 32185 | Elf:3    | Identified the +0 pair of gloves "Vuiphedog" {SInv}
 32191 | Elf:3    | Identified the +9 short sword "Haic" {vorpal, Str+3 Dex+3}
 32334 | Elf:3    | Reached XP level 20. HP: 183/201 MP: 26/26
 32413 | Elf:3    | Found Jedwiuq's Jewellery Boutique.
 32413 | Elf:3    | Found Kaplynta's Weapon Shop.
 32418 | Elf:3    | Found Loanahi's Distillery.
 32446 | Elf:3    | Bought 2 potions of experience for 1200 gold pieces
 32446 | Elf:3    | Reached XP level 21. HP: 210/210 MP: 27/27
 32447 | Elf:3    | Reached XP level 22. HP: 219/219 MP: 28/28
 32772 | Vaults:1 | Entered Level 1 of the Vaults
 32868 | Vaults:1 | Found a magical portal.
 32877 | WizLab   | Entered Doroklohe's Tomb
 32903 | WizLab   | Noticed an ancient lich
 32908 | WizLab   | Killed an ancient lich
 33104 | WizLab   | Reached skill level 15 in Unarmed Combat
 33209 | WizLab   | Identified the +3 leather armour of Jofisul {Regen+ rCorr
                  | Stlth+}
 33552 | Vaults:1 | Received a gift from Okawaru
 33553 | Vaults:1 | Noticed Zenata
 33562 | Vaults:1 | Killed Zenata
 33778 | Vaults:1 | Received a gift from Okawaru
 35037 | Vaults:2 | Received a gift from Okawaru
 35038 | Vaults:2 | Reached skill level 16 in Unarmed Combat
 35424 | Vaults:2 | Received a gift from Okawaru
 35929 | Vaults:3 | Found a crumbling gateway.
 35947 | Desolati | Entered the Desolation of Salt
 36104 | Desolati | Identified the ring "Uqu Ypno" {rF+ rN+ Int+7 Dex-5}
 36168 | Desolati | Reached XP level 23. HP: 230/231 MP: 29/29
 36244 | Desolati | Received a gift from Okawaru
 36254 | Desolati | Identified the +10 trident of Roacru Test {pain, rElec rF+
                  | rC+}
 36254 | Desolati | Identified the amulet "Haiblesi" {Faith Str+2}
 36276 | Desolati | Identified the ring of Raaxtit {rPois Str+5 Stlth+}
 36287 | Desolati | Got the Anthology of Blazing Shapeshifting
 36367 | Desolati | Identified the +6 flail of the Winnowing Gods {drain, *Rage
                  | Fly rPois Dex+3}
 36367 | Desolati | Identified the ring of Fuhewu {rC+ MP-9 Str+6 SInv}
 36394 | Desolati | Identified the +5 plate armour of Bedevilment {Str+2}
 36772 | Vaults:3 | Reached skill level 15 in Fighting
 36795 | Vaults:3 | Reached skill level 17 in Unarmed Combat
 36808 | Vaults:3 | Received a gift from Okawaru
 37388 | Vaults:3 | Found a staircase to the Crypt.
 37388 | Vaults:3 | Found an ancient bone altar of Kikubaaqudgha.
 37389 | Vaults:3 | Found a basalt altar of Yredelemnul.
 37764 | Vaults:3 | Found Plog's General Store.
 37886 | Vaults:4 | Found Ubbimn's Magic Scroll Boutique.
 37895 | Vaults:4 | Bought a scroll of acquirement for 676 gold pieces
 37895 | Vaults:4 | Bought a scroll of teleportation for 39 gold pieces
 37895 | Vaults:4 | Bought a scroll of fear for 52 gold pieces
 37895 | Vaults:4 | Acquired 852 gold pieces
 37913 | Vaults:4 | Found Xerghuyff's Assorted Antiques.
 37937 | Vaults:4 | Bought a potion of brilliance for 128 gold pieces
 38027 | Vaults:4 | Noticed Mara
 38037 | Vaults:4 | Noticed freelancePsychic's illusion
 38048 | Vaults:4 | Killed Mara
 38052 | Vaults:4 | Received a gift from Okawaru
 38456 | Vaults:4 | Found Uqeefroady's Antique Armour Emporium.
 38628 | Vaults:4 | Identified the +6 quarterstaff of Ygu Rena {vorpal, Stlth+}
 38662 | Vaults:4 | Found Caifaic's Magic Scroll Shop.
 38670 | Vaults:4 | Bought a scroll of teleportation for 39 gold pieces
 38670 | Vaults:4 | Bought a scroll of blinking for 97 gold pieces
 38670 | Vaults:4 | Bought a scroll of teleportation for 39 gold pieces
 38670 | Vaults:4 | Bought a scroll of fear for 52 gold pieces
 38670 | Vaults:4 | Bought a scroll of immolation for 52 gold pieces
 38963 | D:13     | Upgraded the game from 0.30-a0-459-g9104f0fc43 to
                  | 0.30-a0-462-gd5975efbca
 39034 | Depths:1 | Entered Level 1 of the Depths
 39154 | Depths:1 | Reached skill level 10 in Dodging
 39158 | Depths:1 | Received a gift from Okawaru
 39174 | Depths:1 | Reached skill level 18 in Unarmed Combat
 39294 | Depths:1 | Noticed a caustic shrike
 39300 | Depths:1 | Killed a caustic shrike
 39301 | Depths:1 | Identified the +9 shortbow "Conservator" {vorpal, Fragile
                  | rN++ Str+4 Stlth+}
 39355 | Depths:1 | Identified the +0 plate armour of Xifein {rPois}
 39486 | Depths:1 | Reached XP level 24. HP: 248/248 MP: 20/29
 39539 | Depths:1 | Paralysed by a floating eye for 4 turns
 39549 | Depths:1 | Paralysed by a floating eye for 2 turns
 39667 | Depths:1 | Received a gift from Okawaru
 39926 | Depths:1 | Found a runed translucent gate.
 39926 | Depths:1 | Found a runed translucent gate.
 39926 | Depths:1 | Found a runed translucent gate.
 40104 | Depths:1 | Identified the +2 chain mail of the Monk {Regen+}
 40155 | Depths:1 | Identified the +1 shortbow of Discomfort {drain, Stlth+}
 40293 | Depths:1 | Found a gateway to Hell.
 40322 | Depths:1 | Identified the +2 war axe "Beetleslayer" {freeze, rPois
                  | rN+} (Okawaru gifted it to you on level 1 of the Depths)
 40322 | Depths:1 | Received a gift from Okawaru
 40679 | Depths:1 | Found a runed translucent gate.
 40679 | Depths:1 | Found a runed translucent gate.
 40679 | Depths:1 | Found a runed translucent gate.
 40685 | Depths:1 | Identified the +5 dagger of Flawed Execution {speed, Int+5
                  | Dex+6}
 40710 | Depths:1 | Identified the +6 hand axe of Terra Cotta {flame, rElec}
 40839 | Depths:2 | Found a one-way gate leading to the halls of Pandemonium.
 40897 | Depths:2 | Reached skill level 19 in Unarmed Combat
 41111 | Depths:2 | Received a gift from Okawaru
 41150 | Depths:2 | Found the +3 giant club "Skullcrusher" {speed, Str+7}
 41160 | Depths:2 | Got the Guide on the Gelid Stinger
 41215 | Depths:2 | Found a one-way gate to the infinite horrors of the Abyss.
 41239 | Depths:2 | Reached skill level 20 in Unarmed Combat
 41991 | Depths:3 | Identified the +7 long sword of Lufyfoet {drain, rPois
                  | rF+++ MP+9 Int-3} (Okawaru gifted it to you on level 3 of
                  | the Depths)
 41991 | Depths:3 | Received a gift from Okawaru
 42001 | Depths:3 | Reached skill level 21 in Unarmed Combat
 42468 | Depths:3 | Noticed a juggernaut
 42475 | Depths:3 | Killed a juggernaut
 42475 | Depths:3 | Received a gift from Okawaru
 42486 | Depths:3 | Reached XP level 25. HP: 258/258 MP: 24/29
 42493 | Depths:3 | Reached skill level 22 in Unarmed Combat
 42644 | Depths:3 | Noticed Jory
 42652 | Depths:3 | Identified the +1 hat "Esevva" {Rampage rF- Stlth+}
                  | (Okawaru gifted it to you on level 3 of the Depths)
 42652 | Depths:3 | Received a gift from Okawaru
 42657 | Depths:3 | Killed Jory
 43185 | Depths:3 | Noticed a dread lich
 43196 | Depths:3 | Killed a dread lich
 43524 | Depths:4 | Entered Level 4 of the Depths
 43527 | Depths:4 | Noticed Parghit
 43534 | Depths:4 | Killed Parghit
 44251 | Depths:4 | Found a one-way gateway to a ziggurat.
 44478 | Depths:4 | Received a gift from Okawaru
 44623 | Depths:4 | Found a gate to the Realm of Zot.
 44966 | Depths:4 | Learned a level 2 spell: Wereblood
 44969 | Depths:4 | Learned a level 2 spell: Passwall
 45584 | Vaults:5 | Entered Level 5 of the Vaults
 45753 | Vaults:5 | Reached XP level 26. HP: 210/270 MP: 20/29
 45839 | Vaults:5 | Identified the +8 arbalest "Ditem" {vorpal, rF+ SInv}
 45913 | Vaults:5 | Received a gift from Okawaru
 45960 | Vaults:5 | Received a gift from Okawaru
 45963 | Vaults:5 | Reached skill level 15 in Dodging
 45992 | Vaults:5 | Identified the +4 falchion "Nynag" {speed, rElec}
 46215 | Vaults:5 | Reached skill level 1 in Armour
 46330 | Vaults:5 | Identified the +9 falchion of Ru's Felicitations {vorpal,
                  | Str+7 Dex-4 Stlth+}
 46489 | Vaults:5 | Got Osapheh's Atlas of the Fetching Blaze
 46492 | Vaults:5 | Got a silver rune of Zot
 47168 | Crypt:1  | Entered Level 1 of the Crypt
 48128 | Crypt:2  | Received a gift from Okawaru
 48381 | Crypt:2  | Found a transporter.
 48441 | Crypt:2  | Noticed Luix's ghost (veteran MiGl)
 48444 | Crypt:2  | Noticed Hegoitz's ghost (veteran MiGl)
 48444 | Crypt:2  | Noticed a royal mummy
 48446 | Crypt:2  | Found a transporter.
 48932 | Zot:1    | Entered Level 1 of the Realm of Zot
 49064 | Zot:1    | Reached skill level 10 in Invocations
 49340 | Zot:1    | You fall into a shaft and drop 1 floor!
 49537 | Arena    | Entered the Arena
 49870 | Zot:2    | Reached XP level 27. HP: 288/288 MP: 19/30
 49981 | Zot:2    | Identified the +1 robe of the Vanishing Songs {rCorr Str-2
                  | Dex+7} (Okawaru gifted it to you on level 2 of the Realm of
                  | Zot)
 49981 | Zot:2    | Received a gift from Okawaru
 53132 | Zot:5    | Entered Level 5 of the Realm of Zot
 53175 | Zot:5    | Received a gift from Okawaru
 53402 | Zot:5    | Noticed an orb of fire
 53404 | Zot:5    | Gained mutation: You occasionally lose the ability to drink
                  | potions when taking damage. [an orb of fire]
 53412 | Zot:5    | Killed an orb of fire
 53417 | Zot:5    | Noticed an ancient lich
 53425 | Zot:5    | Killed an ancient lich
 53560 | Zot:5    | Identified the +11 spear of Agony {protect, +Blink Str+2}
                  | (Okawaru gifted it to you on level 5 of the Realm of Zot)
 53560 | Zot:5    | Received a gift from Okawaru
 53575 | Zot:5    | Noticed an orb of fire
 53597 | Zot:5    | Killed an orb of fire
 53599 | Zot:5    | Got the Orb of Zot
 54161 | D:7      | Noticed Zun Gyd the pandemonium lord
 54169 | D:7      | Killed Zun Gyd the pandemonium lord
 54169 | D:7      | Received a gift from Okawaru
 54216 | D:6      | Noticed Zoyh the pandemonium lord
 54222 | D:6      | Killed Zoyh the pandemonium lord
 54343 | D:3      | Noticed Dajeqiva the pandemonium lord
 54378 | D:1      | Noticed Conuekk the pandemonium lord
 54387 | D:1      | Killed Conuekk the pandemonium lord
 54417 | D:$      | Escaped with the Orb!

Illustrated notes

Levels and vault maps discovered:
D:1:      amcnicky_arrival_gap_in_the_tavern_cellar, layout_loops_cross
D:2:      layout_loops_cross, serial_bayou, serial_bayou_lagoon_b,
          serial_bayou_lake_a, serial_bayou_pond_a, serial_bayou_pond_d,
          serial_bayou_lagoon_a, serial_bayou_pond_a
D:3:      layout_basic
D:4:      layout_basic, hangedman_abyss_or_decor_slice, minmay_starry_boxes
D:5:      layout_basic, dilly_guarded_unrand_throatcut, uniq_duvessa
D:6:      minmay_klotski, layout_basic, gup_sewer_entry_bubbles,
          dreamdust_mushroom_princess, uniq_pikel, uniq_grinder
D:7:      layout_basic, tso_metal_star, minmay_temple_entry_stoned_glass
D:8:      layout_loops_corners, lair_entry_dummy, special_room
          [special_room_orc], nicolae_benzene_ring, serial_bayou_pond_a
D:9:      layout_irregular_city, elyvilon_altar_5, minmay_shop_damaged,
          jiyva_altar_1, uniq_maggie
D:10:     layout_rooms, mainiacjoe_overflow_divided_tiny, serial_bayou_crossing,
          uniq_harold, uniq_nergalle
D:11:     layout_basic, serial_shops, shop, nicolae_shop_window_shopping, shop,
          shop_statue, kennysheep_little_box, patterned_corridor
D:12:     layout_basic, orc_0_dummy, hex_intersection,
          minmay_the_grid_square_5x5_3x3_mashed [minmay_the_grid_square_5x5_meh,
          minmay_the_grid_square_5x5_two_small,
          minmay_the_grid_square_5x5_six_small,
          minmay_the_grid_square_5x5_spiral,
          minmay_the_grid_square_5x5_megaprize_diamond,
          minmay_the_grid_square_5x5_bracketed,
          minmay_the_grid_square_5x5_sharp_hourglass,
          minmay_the_grid_square_5x5_shrine1, minmay_the_grid_square_5x5_six]
D:13:     layout_loops_ring, david_vaults_4, uniq_azrael, uniq_urug
D:14:     layout_rooms, lemuel_round_altar, special_room
          [special_room_mythical_zoo]
D:15:     hangedman_depths_entry_try_elsewhere_first, layout_basic,
          serial_shops, nicolae_shop_bloodbath_and_beyond
Temple:   hc_temple_tempest_star
Lair:1:   layout_regular_city, grunt_megastairs_5
Lair:2:   layout_roguey, kennysheep_snail_temple, lemuel_fruit_fields
Lair:3:   layout_gridlike, minmay_swamp_entry_worms,
          minmay_snake_entry_guardpost_small, cheibrodos_lair_reptile_den,
          infiniplex_staircase_pool_2
Lair:4:   layout_cave_pods, minmay_slime_entry_pillars,
          nicolae_quartered_pool_medium, lemuel_fruit_fields, grunt_megastairs_4
Lair:5:   hangedman_lair_caniforms_friends, layout_cave_pods,
          hangedman_lair_in_review, chequers_serial_rivers_micro_d,
          minivault_11, minivault_19, uniq_sonja
Swamp:1:  layout_basic_swamp, nicolae_swamp_small_spring, uniq_mlioglotl
Swamp:2:  layout_basic_swamp, hangedman_swamp_pad, swamp_pool3,
          nicolae_swamp_round_clearing, ldierk_geyser, nzn_swamp_dancing_lights,
          uniq_roxanne
Swamp:3:  layout_basic_swamp, serial_swamp_ruin, evilmike_swamp_ruin_house_5,
          evilmike_swamp_ruin_rubble_1, evilmike_swamp_ruin_house_4,
          swamp_pool3, uniq_louise, uniq_nikola
Swamp:4:  grunt_swamp_rune_castle, layout_basic_swamp, swamp_pool2,
          nicolae_swamp_stuck_in_the_mud
Snake:1:  layout_rooms, library_closet, grunt_megastairs_3, minmay_shoptagon,
          uniq_aizul
Snake:2:  layout_gridlike, gammafunk_ghost_abyssal_escape, minmay_shop_grove,
          uniq_saint_roka
Snake:3:  layout_misc_corridors, nicolae_triple_integral
Snake:4:  grunt_snake_rune_pools, layout_cave_town, nicolae_shop_clearance
Orc:1:    layout_caves, portal_ice_cave_rime
Orc:2:    st_orc_elflike, layout_caves, serial_shops, nicolae_shop_stone,
          uniq_jorgrun
Elf:1:    eino_elf_arrival_the_gate, layout_gridlike, minivault_28,
          minivault_23, roderic_lattice_octagonal_star
Elf:2:    elven_hall_of_blades_hangedman_original
          [infiniplex_blade_entry_pillars], layout_geoelf_diagonals,
          ebering_ghost_disaster_area, nicolae_elf_glass_and_crystal_pillar_1
Elf:3:    elf_hall, layout_gridlike, minmay_shop_star
Vaults:1: mu_enter_wizlab_3, ontoclasm_vaults_ring_square,
          vaults_room_door_hall, nicolae_vaults_big_ls,
          vaults_dpeg_encased_lava, nicolae_vaults_mini_display_case,
          layout_vaults_quadrants, uniq_zenata
Vaults:2: vaults_room_grid, nicolae_vaults_windows_and_doors_thing, v_misc_11,
          vaults_mumra_hexcomb, v_misc_29, ontoclasm_vaults_claustrophobia,
          ontoclasm_vaults_gateway, v_rooms_6, nicolae_vaults_specimen_jars,
          vaults_room_pool, nicolae_vaults_diagonal_hallway_8,
          nicolae_vaults_angled_halls, layout_vaults_omnicross
Vaults:3: portal_desolation_entry_twin_temple, grunt_vaults_swirl,
          minmay_crypt_entry_necro_gods, vaults_dpeg_ring,
          nicolae_vaults_network_quincunx
          [nicolae_vaults_network_quincunx_subvault,
          nicolae_vaults_network_quincunx_subvault,
          nicolae_vaults_network_quincunx_subvault,
          nicolae_vaults_network_quincunx_subvault,
          nicolae_vaults_network_quincunx_subvault], v_rooms_5,
          hangedman_vaults_hat, vaults_room_corners, vaults_room_semicircle,
          v_pattern_1, v_alt_pattern_1, nicolae_vaults_shelves_hall, st_lines,
          layout_vaults_omnibox, serial_shops, nicolae_shop_hallway_plus
Vaults:4: grunt_vaults_funnel, nicolae_vaults_little_squares_2,
          nicolae_vaults_alarming, v_rooms_4, hangedman_vaults_capsules,
          ontoclasm_vaults_eye, vaults_standard_mumra_lines,
          layout_vaults_big_room, serial_shops, nicolae_shop_advertising_works
          [nicolae_subvault_shop_adworks], shop, nicolae_shop_trees,
          nicolae_shop_hallway_stairs, uniq_mara
Vaults:5: serial_shops
Crypt:1:  layout_chaotic_city, ebering_dispersal_statue_hall,
          grunt_ministairs_5, amcnicky_mini_pool_small,
          nicolae_crypt_crumbling_hall
Crypt:2:  layout_misc_corridors, nzn_ghost_randoct, uniq_margery
Depths:1: kennysheep_treasure_stockpile, layout_long_grid, hell_entry,
          minmay_strange_pillars, minmay_swirly_circle, serial_bayou_shore_a
Depths:2: minmay_complete_graph, layout_gridlike, minmay_misc_feat_enclosed,
          hangedman_abyss_entry_splay, grunt_mini_vestibule,
          rand_demon_pan_entry_8, minmay_variable_closet, st_stairs_4,
          kennysheep_generic_room_10, minmay_staircase_windowed_large
Depths:3: lemuel_river_lethe, abyss_entry, hell_entry, uniq_jory
Depths:4: lemuel_castle_with_subvaults [lemuel_castle_interior_carwin_2],
          layout_cave_shapes, enter_ziggurat_f, grunt_decor_mini_mirrors,
          abyss_entry, hell_entry, grunt_megastairs_1, uniq_parghit
Zot:1:    layout_basic
Zot:2:    grunt_zot_stairs_faceoff, layout_misc_corridors,
          st_large_dragon_hoard_1
Zot:3:    gammafunk_mikee_crab_dinner, layout_basic
Zot:4:    layout_onion
Zot:5:    layout_misc_corridors

Skill      XL: |  1  2  3  4  5  6  7  8  9 10 11 12 13 14 15 16 17 18 19 20 21 22 23 24 25 26 27 |
---------------+----------------------------------------------------------------------------------+-----
Unarmed Combat | 1 2 3 4 5 7 9 11 13 14 16 18 21 22 | 22.0
Fighting       | 1 2 3 4 5 6 7 8 9 10 12 13 14 16 18 19 21 | 21.6
Throwing       | 1 4 7 |  7.4
Invocations    | 4 8 11 | 11.0
Earth Magic    | 6 9 11 12 13 14 15 16 | 16.4
Transmutations | 3 5 7 8 9 11 12 | 12.8
Spellcasting   | 5 |  5.0
Dodging        | 2 4 7 8 9 10 11 14 16 18 | 18.9
Shields        | 1 8 10 11 13 | 13.1
Armour         | 3 |  3.2
Stealth        | |  1.0
Conjurations   | |  0.6
Air Magic      | |  2.0

Action                   |  1- 3 |  4- 6 |  7- 9 | 10-12 | 13-15 | 16-18 | 19-21 | 22-24 | 25-27 || total
-------------------------+-------+-------+-------+-------+-------+-------+-------+-------+-------++-------
Melee: Unarmed           |   119 |   115 |   265 |   528 |   726 |  1311 |   434 |  1592 |  1561 ||  6651
       Punch             |     1 |     4 |     6 |    37 |    50 |    51 |       |       |       ||   149
Throw: Dart              |       |       |    16 |    43 |       |       |       |       |       ||    59
       Large rock        |       |       |     1 |    28 |    51 |     3 |     3 |     9 |    10 ||   105
       Javelin           |       |       |       |     6 |       |       |       |       |       ||     6
       Boomerang         |       |       |       |    20 |       |       |       |     4 |       ||    24
 Cast: Shock             |    30 |     1 |     2 |       |       |       |       |       |       ||    33
       Statue Form       |       |       |       |       |    42 |   112 |    35 |    82 |   100 ||   371
       Lee's Rapid Decon |       |       |       |       |       |       |       |     1 |     6 ||     7
Invok: Heroism           |       |       |       |     7 |    10 |    14 |     4 |    17 |    19 ||    71
       Finesse           |       |       |       |       |       |     2 |     2 |     4 |    11 ||    19
       Duel              |       |       |       |       |       |     2 |       |       |     1 ||     3
 Abil: End Transformatio |       |       |       |       |       |     3 |       |     3 |     9 ||    15
Evoke: Wand              |       |       |     3 |       |       |       |       |     2 |       ||     5
  Use: Scroll            |     5 |     5 |     4 |    15 |     9 |    11 |     2 |    15 |     8 ||    74
       Potion            |       |       |     3 |     1 |     5 |     1 |     7 |     9 |    16 ||    42
 Stab: Sleeping          |       |     2 |       |     3 |       |       |       |       |       ||     5
       Invisible         |       |       |       |    11 |    22 |    39 |    13 |    32 |    44 ||   161
       Confused          |       |       |       |       |       |     2 |       |       |     1 ||     3
Armor: Robe              |    41 |    50 |    74 |       |       |       |       |     4 |    34 ||   203
       Steam dragon scal |       |       |     1 |   192 |   147 |    34 |    16 |    52 |       ||   442
       Skin              |       |       |       |       |   598 |   904 |   327 |   834 |   637 ||  3300
Dodge: Dodged            |    49 |    59 |    95 |   372 |  1135 |  1307 |   389 |  1378 |  1321 ||  6105
Block: Kite shield       |       |       |       |       |       |   747 |   358 |  1376 |  1161 ||  3642

Table legend: (Time is in decaauts)
 A = Elapsed time spent in this place.
 B = Non-inter-level travel time spent in this place.
 C = Inter-level travel time spent in this place.
 D = Time resting spent in this place.
 E = Time spent auto-exploring this place.
 F = Levels seen in this place.
 G = Mean time per level.
                   A        B        C        D        E       F      G
               +--------+--------+--------+--------+--------+-----+--------+
         Total |  60005 |  55651 |   4354 |   1394 |  40387 |  57 | 1052.7 |
       Dungeon |  14597 |  12923 |   1674 |    236 |  10013 |  15 |  973.1 |
        Temple |    120 |     75 |     45 |      0 |     69 |   1 |  120.0 |
          Lair |   6478 |   5996 |    482 |    373 |   4235 |   5 | 1295.6 |
         Swamp |   4018 |   3875 |    143 |     50 |   2943 |   4 | 1004.5 |
     Snake Pit |   5760 |   5573 |    187 |     55 |   4181 |   4 | 1440.0 |
  Orcish Mines |   1360 |   1252 |    108 |      0 |    899 |   2 |  680.0 |
   Elven Halls |   3089 |   2978 |    111 |      5 |   2156 |   3 | 1029.7 |
        Vaults |   7697 |   7079 |    618 |     90 |   4974 |   5 | 1539.4 |
         Crypt |   1735 |   1687 |     48 |      0 |   1352 |   2 |  867.5 |
        Depths |   7460 |   6856 |    604 |     51 |   4884 |   4 | 1865.0 |
           Zot |   5522 |   5191 |    331 |    356 |   3543 |   5 | 1104.4 |
         Sewer |    501 |    501 |      0 |      0 |    350 |   1 |  501.0 |
      Ice Cave |    194 |    194 |      0 |     24 |     34 |   1 |  194.0 |
        Wizlab |    595 |    595 |      0 |    148 |    262 |   1 |  595.0 |
    Desolation |    818 |    818 |      0 |      0 |    490 |   1 |  818.0 |
         Arena |     55 |     55 |      0 |      4 |      0 |   3 |   18.3 |
               +--------+--------+--------+--------+--------+-----+--------+

Top non-repeatable levels by time:
Depths:1: 2331 daAuts
 Snake:4: 2169 daAuts
  Lair:5: 2087 daAuts
Depths:4: 1807 daAuts
   Zot:2: 1742 daAuts
    D:13: 1725 daAuts
Depths:3: 1687 daAuts
Vaults:1: 1647 daAuts
Depths:2: 1633 daAuts
Vaults:3: 1628 daAuts
Vaults:2: 1532 daAuts
Vaults:5: 1510 daAuts
   Zot:3: 1465 daAuts
  Lair:3: 1445 daAuts
  Lair:4: 1414 daAuts
